 Dungeon Crawl Stone Soup version 0.29.1-15-g9cfb28693d (webtiles) character file.

Game seed: 154578114930455081

34918 devnull the Carver (level 14, -4/113 HPs)
             Began as a Human Gladiator on Feb 25, 2023.
             Was an Elder of Trog.
             Slain by a four-headed hydra (8 damage)
             ... on level 5 of the Lair of Beasts.
             The game lasted 00:59:35 (19353 turns).

devnull the Carver (Human Gladiator)               Turns: 19353, Time: 00:59:36

Health: -4/113     AC: 21    Str: 19    XL:     14   Next: 15%
Magic:  14/14      EV: 13    Int:  9    God:    Trog [****..]
Gold:   645        SH:  5    Dex: 15    Spells: 13/13 levels left

rFire   + . .      SeeInvis .   f - +2 battleaxe (flame)
rCold   . . .      Faith    .   (shield currently unavailable)
rNeg    . . .      Spirit   .   I - +2 chain mail {rF+}
rPois   .          Reflect  +   k - +1 helmet
rElec   .          Harm     .   (no cloak)
rCorr   +          Rampage  .   C - +1 pair of gloves
Will    +++..                   W - +2 pair of boots {Stlth+}
Stlth   ..........              r - amulet of reflection {@P2 @R2}
HPRegen 1.28/turn               E - +4 ring of evasion
MPRegen 0.14/turn               Y - ring of resist corrosion

@: strong-willed (expiring), on berserk cooldown, regenerating (expiring)
A: no striking features
a: Renounce Religion, Berserk, Trog's Hand, Brothers in Arms


You were on level 5 of the Lair of Beasts.
You worshipped Trog.
Trog was greatly pleased with you.
You visited 3 branches of the dungeon, and saw 17 of its levels.
You also visited: Volcano.

You collected 988 gold pieces.
You spent 343 gold pieces at shops.

Inventory:

Hand Weapons
 a - the +6 falchion "Ojokes" {vamp, *Rage rN+++ Str-4 SInv}
   (You found it on level 4 of the Dungeon)

   It occasionally heals its wielder for a portion of the damage dealt when it
   wounds a living foe.
   Str:       It affects your strength (-4).
   rN:        It renders you almost immune to negative energy.
   SInv:      It lets you see invisible.
   *Rage:     It berserks you when you make melee attacks (+20% chance).
 b - a +3 spear
 f - a +2 battleaxe of flaming (weapon)
 h - a +0 short sword of holy wrath
Missiles
 d - 5 throwing nets (quivered)
 e - a javelin
 j - 40 poisoned darts
 q - 2 atropa-tipped darts
Armour
 k - a +1 helmet (worn)
 C - a +1 pair of gloves (worn)
 I - a +2 chain mail of fire resistance (worn)
 M - a +1 plate armour of fire resistance
 P - a +1 kite shield of fire resistance {@W1 @T1}
 W - a +2 pair of boots of stealth (worn)
Jewellery
 r - an amulet of reflection (around neck) {@P2 @R2}
 t - an amulet of regeneration {@P1 @R1}
 E - a +4 ring of evasion (left hand)
 G - a ring of willpower
 H - a ring of positive energy
 V - a ring of magical power
 Y - a ring of resist corrosion (right hand)
Wands
 J - a wand of light (5)
 T - a wand of mindburst (6)
 U - a wand of charming (12)
 X - a wand of polymorph (5)
Scrolls
 l - 4 scrolls of fear
 m - 9 scrolls of teleportation
 n - 2 scrolls of identify
 o - 2 scrolls of enchant armour
 p - a scroll of brand weapon
 s - 3 scrolls of magic mapping
 y - a scroll of silence
 L - 5 scrolls of blinking
 N - a scroll of summoning {unknown}
 Q - 5 scrolls of immolation
 R - a scroll of torment
 S - a scroll of fog {unknown}
Potions
 c - 7 potions of heal wounds {unknown}
 g - 3 potions of degeneration {unknown}
 i - 5 potions of attraction {unknown}
 u - a potion of flight {unknown}
 v - 5 potions of mutation {unknown}
 w - 2 potions of ambrosia {unknown}
 z - 2 potions of cancellation {unknown}
 A - 5 potions of lignification
 B - 6 potions of haste {unknown}
 D - a potion of brilliance {unknown}
 F - 4 potions of might
 K - a potion of invisibility {unknown}
 O - 6 potions of curing
 Z - a potion of berserk rage {unknown}
Miscellaneous
 x - a tin of tremorstones (2/2)


   Skills:
 - Level 11.1 Fighting
 - Level 13.6 Long Blades
 + Level 8.0 Axes
 - Level 2.9 Throwing
 - Level 9.3 Armour
 - Level 3.0 Dodging
 - Level 8.3 Shields
 - Level 5.6 Evocations


You had 13 spell levels left.
You didn't know any spells.
Your spell library contained the following spells:

 Spells                   Type           Power      Damage    Failure   Level
 Beastly Appendage        Tmut           0%         N/A       97%         1
 Summon Small Mammal      Summ           0%         N/A       97%         1
 Poisonous Vapours        Pois/Air       0%         N/A       99%         2
 Wereblood                Tmut           0%         N/A       99%         2
 Call Canine Familiar     Summ           0%         N/A       100%        3
 Ignite Poison            Fire/Tmut/Pois 0%         N/A       100%        3
 Mephitic Cloud           Conj/Pois/Air  0%         N/A       100%        3
 Spider Form              Tmut/Pois      0%         N/A       100%        3
 Summon Guardian Golem    Hex/Summ       0%         N/A       100%        3
 Corpse Rot               Necr/Pois/Air  0%         N/A       100%        4
 Freezing Cloud           Conj/Ice/Air   0%         6-21      100%        5


Dungeon Overview and Level Annotations

Branches:
Dungeon (11/15)            Temple (1/1) D:4            Lair (5/5) D:10
 Shoals (0/4) Lair:3        Snake (0/4) Lair:3        Slime (0/5) Lair:4
    Orc (0/2) D:11        Volcano (visited)

Altars:
Ashenzari
Cheibriados
Dithmenos
Elyvilon
Fedhas
Gozag
Hepliaklqana
Kikubaaqudgha
Makhleb
Nemelex Xobeh
Okawaru
Qazlal
Ru
Sif Muna
Trog
Uskayaw
Vehumet
Wu Jian
Xom
Yredelemnul
Zin
The Shining One

Shops:
D:2 *[   D:3 [   D:10 =

Annotations:
D:7 2 transporters


Message History

The five-headed hydra closely misses you.
The five-headed hydra bites you!
* * * LOW HITPOINT WARNING * * *
The five-headed hydra bites you!
* * * LOW HITPOINT WARNING * * *
The five-headed hydra bites you but does no damage.
The five-headed hydra barely misses you.
The five-headed hydra closely misses you.
The five-headed hydra bites you.
* * * LOW HITPOINT WARNING * * *
The five-headed hydra bites you but does no damage.
You feel the effects of Trog's Hand fading.
You chop one of the five-headed hydra's heads off!
The flame cauterises the wound!
You slice the four-headed hydra!! You burn the four-headed hydra!
The four-headed hydra is severely wounded.
The four-headed hydra is no longer blind.
The four-headed hydra bites you but does no damage. x2
The four-headed hydra bites you.
* * * LOW HITPOINT WARNING * * *
The four-headed hydra bites you.
* * * LOW HITPOINT WARNING * * *
The four-headed hydra barely misses you.
The four-headed hydra bites you but does no damage.
You block the four-headed hydra's attack.
The four-headed hydra bites you but does no damage.
Aiming: Bolt of Light
Press: ? - help, Shift-Dir - straight line, f/p - four-headed hydra
Aim: a four-headed hydra (severely wounded, 91% to hit)
The bolt of light hits the four-headed hydra!!
The four-headed hydra is almost dead.
The four-headed hydra is blinded.
You feel yourself speed up.
The four-headed hydra barely misses you.
You block the four-headed hydra's attack.
The four-headed hydra bites you.
* * * LOW HITPOINT WARNING * * *
The four-headed hydra barely misses you.
The four-headed hydra bites you!
You die...

,,,,,,*****,*
#..~~~P~~≈≈≈~~~ ,,,,,** ***
###..P~~~≈~~~≈,~~ ,,,,,**
###..~.~~~~~.≈~≈~~* ,,,,,,*
#......P~~≈~~~~≈~~* ,,,,,,*
##...~..~P~≈~P~≈~~,* ,,,,,,*
##.†....P~≈~≈~~~~.~~*
,,,,,**
#.#.....~~~~#~≈~.~~~~
,,,,,,*
###D....~~~~#~~.~~,,~
,,,,,** ##.@...~~~##~~~~,,,~
,,,******
#......~#####~~~,,,~
...***,,****
##.....~~##≈~~#~,,~~
..,**......*
##.P..~≈#~~~~#~~~~~
.***,#.....##
#...~~.~~~~~≈#*~~~,
,,***#......#
#......~≈~~~~#*,~,~ ***
#......###÷.....~~~~~.#*~~~~
*
#......#..<.P.~.~~~~~.#,~~~~
*#.............~.~~≈~##*~~~~


You could see a four-headed hydra (blind).

Vanquished Creatures
  Harold (D:11)
  A boulder beetle (D:11)
  2 hydras (Lair:1)
  3 two-headed ogres
  A centaur warrior (D:11)
  5 death yaks
  The ghost of Airmonger the Destroyer, a novice GnCj of Vehumet (D:9)
  A hell knight (Volcano)
  A salamander mystic (Volcano)
  Pikel (D:7)
  4 salamanders (Volcano)
  2 molten gargoyles (Volcano)
  14 cane toads
  2 komodo dragons
  Psyche (D:8)
  4 trolls
  A tyrant leech (Lair:5)
  A polar bear (Lair:2)
  A hornet (D:9)
  3 dream sheep (Lair:4)
  6 blink frogs (Lair:5)
  A wraith (D:11)
  3 spriggans (D:9)
  A vampire (D:10)
  3 wyverns
  32 yaks
  2 basilisks
  2 fire bats (Volcano)
  2 steam dragons
  7 vampire mosquitoes
  4 nagas (Lair:3)
  An acid dragon (D:11)
  13 water moccasins
  Duvessa (D:7)
  An orc warrior (D:9)
  A black bear (D:5)
  3 ice beasts
  A sky beast (D:7)
  An ogre (D:5)
  A wolf (D:9)
  6 centaurs
  A phantom (D:6)
  Blork the orc (D:6)
  3 kobold brigands (D:8)
  22 bullfrogs
  A scorpion (D:6)
  A wyvern skeleton (D:5)
  9 wights (D:8)
  Dowan (D:7)
  4 killer bees (D:7)
  A howler monkey (D:8)
  2 electric eels (Lair:5)
  6 lava snakes (Volcano)
  A centaur skeleton (D:5)
  6 hounds
  3 jellies
  An orc priest (D:5)
  A gnoll bouda (D:8)
  A bullfrog skeleton (D:5)
  13 orc wizards
  An iguana (D:7)
  The ghost of leafyfresh the Sneak, a weakling OpDe (D:5)
  8 adders
  3 gnolls (D:8)
  A white imp (D:5)
  An ufetubus (D:5)
  A worm (D:2)
  3 dart slugs
  23 orcs
  3 endoplasms
  4 giant cockroaches
  5 goblins
  11 hobgoblins
  7 jackals
  22 kobolds
  6 quokkas
  7 ball pythons
  7 bats
  7 frilled lizards
  9 rats
350 creatures vanquished.

Vanquished Creatures (collateral kills)
  4 dream sheep (Lair:4)
4 creatures vanquished.

Vanquished Creatures (others)
  3 kobolds (D:8)
  12 fungi
  104 plants
  11 withered plants (D:1)
130 creatures vanquished.

Grand Total: 484 creatures vanquished

Notes
Turn   | Place    | Note
-------+----------+-------------------------------------------
     0 | D:1      | devnull the Human Gladiator began the quest for the Orb.
     0 | D:1      | Reached XP level 1. HP: 16/16 MP: 1/1
   278 | D:1      | Reached XP level 2. HP: 22/22 MP: 2/2
   349 | D:1      | Found a faded altar of an unknown god.
   493 | D:1      | Reached XP level 3. HP: 21/27 MP: 3/3
  1215 | D:2      | Reached XP level 4. HP: 28/33 MP: 4/4
  1503 | D:2      | Reached skill level 5 in Axes
  1621 | D:2      | Found Qausiwk's General Store.
  1627 | D:2      | Bought a potion of curing for 42 gold pieces
  1664 | D:2      | Found Xesuner's Antique Armour Boutique.
  2171 | D:3      | Reached XP level 5. HP: 38/38 MP: 5/5
  2393 | D:3      | You fall into a shaft and drop 1 floor!
  2407 | D:3      | Noticed a water moccasin
  2454 | D:3      | Found Zyenep's Armour Shoppe.
  2494 | D:3      | Killed a water moccasin
  2495 | D:3      | Reached XP level 6. HP: 15/44 MP: 6/6
  2720 | D:3      | HP: 1/44 [orc/+0 trident (6)]
  3074 | D:4      | Identified the +6 falchion "Ojokes" {vamp, *Rage rN+++
                  | Str-4 SInv}
  3129 | D:4      | Found a staircase to the Ecumenical Temple.
  3139 | Temple   | Entered the Ecumenical Temple
  3319 | Temple   | Became a worshipper of Trog the Wrathful
  3386 | D:4      | Found a shadowy altar of Dithmenos.
  3593 | D:5      | Entered Level 5 of the Dungeon
  3609 | D:5      | Reached skill level 1 in Long Blades
  3771 | D:5      | Noticed an ogre
  3788 | D:5      | Killed an ogre
  3789 | D:5      | Reached skill level 2 in Long Blades
  3789 | D:5      | Reached XP level 7. HP: 50/50 MP: 7/7
  4006 | D:5      | Reached skill level 3 in Long Blades
  4039 | D:5      | Reached skill level 4 in Long Blades
  4145 | D:5      | Reached skill level 5 in Long Blades
  4145 | D:5      | Reached XP level 8. HP: 56/56 MP: 8/8
  4627 | D:5      | Identified the +4 mace of the Teaching Lamprey {flame, Fly
                  | rF- rC+}
  4752 | D:5      | Reached skill level 6 in Long Blades
  4784 | D:5      | Found a runed translucent gate.
  4784 | D:5      | Found a runed translucent gate.
  4784 | D:5      | Found a runed translucent gate.
  4790 | D:5      | Noticed leafyfresh's ghost (weakling OpDe)
  4807 | D:5      | Reached * piety under Trog
  4810 | D:5      | Killed leafyfresh's ghost
  4846 | D:6      | Reached skill level 7 in Long Blades
  4918 | D:6      | Reached skill level 8 in Long Blades
  4930 | D:6      | Found a burning altar of Makhleb.
  5001 | D:6      | Reached XP level 9. HP: 61/61 MP: 9/9
  5005 | D:6      | Noticed Blork the orc
  5032 | D:6      | Killed Blork the orc
  5317 | D:6      | Reached skill level 9 in Long Blades
  5553 | D:7      | Noticed Duvessa
  5553 | D:7      | Noticed Dowan
  5566 | D:7      | Killed Duvessa
  5568 | D:7      | Killed Dowan
  5634 | D:7      | Found a transporter.
  5638 | D:7      | Noticed a kobold demonologist
  5656 | D:7      | Found a transporter.
  5812 | D:7      | Noticed Pikel
  5826 | D:7      | Killed Pikel
  5827 | D:7      | Reached skill level 10 in Long Blades
  5934 | D:7      | Reached skill level 11 in Long Blades
  6259 | D:7      | Reached XP level 10. HP: 67/67 MP: 10/10
  6448 | D:7      | Found a radiant altar of Vehumet.
  6544 | D:8      | Noticed a two-headed ogre
  6706 | D:8      | Reached ** piety under Trog
  6716 | D:8      | Reached skill level 12 in Long Blades
  6794 | D:8      | Killed a two-headed ogre
  6795 | D:8      | Reached skill level 13 in Long Blades
  7049 | D:8      | Noticed Psyche
  7071 | D:8      | Killed Psyche
  7665 | D:9      | Reached *** piety under Trog
  7829 | D:9      | Found a runed translucent door.
  7832 | D:9      | Noticed Airmonger's ghost (novice GnCj)
  8186 | D:9      | Reached skill level 1 in Shields
  8234 | D:9      | Found a hazy altar of Hepliaklqana.
  8290 | D:9      | Reached XP level 11. HP: 75/75 MP: 11/11
  8679 | D:9      | Identified the +5 trident "Caelea" {distort, rPois Str+2
                  | Int+3}
  8707 | D:9      | Killed Airmonger's ghost
  8708 | D:9      | Reached skill level 5 in Fighting
  8803 | D:10     | Entered Level 10 of the Dungeon
  8830 | D:10     | Found Fuysex's Jewellery Shop.
  9273 | D:10     | Found a stormy altar of Qazlal.
  9392 | D:10     | Found an opulent altar of Gozag.
  9528 | D:10     | Found a staircase to the Lair.
  9528 | D:10     | Noticed a death yak
  9575 | D:10     | Killed a death yak
  9576 | D:10     | Reached skill level 1 in Armour
  9618 | D:10     | Noticed a death yak
  9618 | D:10     | Noticed a death yak
  9641 | D:10     | Killed a death yak
  9642 | D:10     | Noticed a death yak
  9643 | D:10     | Noticed a death yak
  9677 | D:9      | Killed a death yak
  9694 | D:9      | Killed a death yak
  9695 | D:9      | Reached skill level 5 in Armour
  9881 | D:10     | Killed a death yak
  9882 | D:10     | Reached XP level 12. HP: 93/93 MP: 12/12
 10319 | D:2      | Bought a +2 pair of boots of stealth for 301 gold pieces
 10425 | D:11     | Noticed an eight-headed hydra
 10425 | D:11     | Noticed a centaur warrior
 10861 | D:11     | Noticed Harold
 10887 | D:11     | Killed a centaur warrior
 10894 | D:11     | Killed Harold
 10986 | D:11     | Noticed a boulder beetle
 11003 | D:11     | Killed a boulder beetle
 11047 | D:11     | Found a staircase to the Orcish Mines.
 11213 | D:11     | Reached skill level 5 in Shields
 11355 | D:11     | Noticed a two-headed ogre
 11364 | D:11     | Killed a two-headed ogre
 11528 | D:11     | Noticed a two-headed ogre
 11541 | D:11     | Killed a two-headed ogre
 12136 | Lair:1   | Entered Level 1 of the Lair of Beasts
 12486 | Lair:1   | Noticed a seven-headed hydra
 12639 | Lair:1   | Killed a seven-headed hydra
 12886 | Lair:1   | Noticed a five-headed hydra
 12970 | D:10     | Reached **** piety under Trog
 13024 | Lair:1   | Killed a five-headed hydra
 13025 | Lair:1   | Reached skill level 10 in Fighting
 13025 | Lair:1   | Reached XP level 13. HP: 50/103 MP: 13/13
 14567 | Lair:3   | Found a staircase to the Snake Pit.
 14598 | Lair:3   | Found a staircase to the Shoals.
 16786 | Lair:4   | Found a staircase to the Slime Pits.
 17100 | Lair:5   | Entered Level 5 of the Lair of Beasts
 17112 | Lair:5   | Reached skill level 1 in Evocations
 17180 | Lair:5   | Found a dark tunnel.
 17239 | Volcano  | Entered a volcano
 17979 | Volcano  | Found a radiant altar of Vehumet.
 18020 | Volcano  | Reached skill level 5 in Evocations
 18306 | Volcano  | Reached XP level 14. HP: 113/113 MP: 14/14
 19336 | Lair:5   | HP: 4/113 [six-headed hydra (4)]
 19352 | Lair:5   | HP: 3/113 [four-headed hydra (4)]
 19353 | Lair:5   | Slain by a four-headed hydra

Illustrated notes

Levels and vault maps discovered:
D:1:      psy_arrival_heroes, layout_basic,
          shapermc_ecumenical_altar_flowoftime, minmay_tetromino_t4
D:2:      minmay_spotlight, layout_loops_corners, serial_shops, shop,
          nicolae_shop_crystal
D:3:      layout_basic, serial_shops, nicolae_shop_hallway_plus
D:4:      layout_basic, grunt_dithmenos_smoke, minmay_temple_entry_glassed_door,
          kennysheep_nondescript
D:5:      layout_basic, gammafunk_ghost_necromancy,
          nicolae_kite_square_tiling_tiny
D:6:      layout_rooms, makhleb_heckhound_becter, kennysheep_minor_cross,
          uniq_blork_the_orc
D:7:      gammafunk_wand_slinger, layout_cave_pods, fiery_altar_vehumet,
          uniq_pikel, uniq_duvessa
D:8:      layout_loops_ring, uniq_psyche
D:9:      layout_roguey, worldfamousw_hep_ancestral_shrine,
          ebering_ghost_funeral_grove
D:10:     layout_loops_corners, mainiacjoe_overflow_cross_hatched,
          mainiacjoe_overflow_concentric_impassable, dpeg_lair_monsters,
          serial_shops, shop
D:11:     layout_irregular_city, orc_0_dummy, serial_glass, glass_columns_a,
          glass_columns_a, uniq_harold
Temple:   nicolae_temple_x_marks_the_god
Lair:1:   layout_cellular_growth, st_stairs_4, serial_bayou_shore_a,
          infiniplex_staircase_pool
Lair:2:   layout_long_grid, serial_bayou_lagoon_b, grunt_megastairs_5
Lair:3:   layout_gridlike, minmay_shoals_entry_centaurs,
          minmay_snake_entry_guardpost_small
Lair:4:   layout_hall_layers, slime_entry_1, nicolae_lair_lil_pond
Lair:5:   minmay_lair_end_frog_pond, layout_cave_pods, enter_volcano_2

Skill      XL: |  1  2  3  4  5  6  7  8  9 10 11 12 13 14 |
---------------+-------------------------------------------+-----
Axes           | 4 5 6 8 |  8.0
Long Blades    | 2 5 8 11 13 | 13.6
Fighting       | 3 8 10 11 | 11.1
Shields        | 3 6 8 |  8.3
Armour         | 5 7 9 |  9.3
Evocations     | 5 |  5.6
Throwing       | |  2.9
Dodging        | |  3.0

Action                   |  1- 3 |  4- 6 |  7- 9 | 10-12 | 13-15 || total
-------------------------+-------+-------+-------+-------+-------++-------
Melee: War axe           |   111 |   126 |       |       |       ||   237
       Punch             |     1 |     1 |     5 |     1 |       ||     8
       Falchion          |       |    18 |   176 |   559 |   520 ||  1273
       Short sword       |       |       |       |    43 |       ||    43
       Battleaxe         |       |       |       |       |     8 ||     8
 Fire: Shortbow          |       |       |       |       |     8 ||     8
Throw: Throwing net      |       |     2 |     3 |       |       ||     5
       Dart              |       |     6 |       |    22 |       ||    28
Invok: Trog's Hand       |       |       |       |     7 |     5 ||    12
       Berserk           |       |       |       |     1 |       ||     1
       Brothers in Arms  |       |       |       |       |     1 ||     1
Evoke: Wand              |       |       |       |     6 |     2 ||     8
  Use: Scroll            |     1 |     3 |     2 |     8 |     5 ||    19
       Potion            |       |     1 |     2 |       |       ||     3
 Stab: Invisible         |       |       |       |     6 |       ||     6
Armor: Plate armour      |    73 |   145 |   165 |       |       ||   383
       Leather armour    |     4 |       |       |       |       ||     4
       Chain mail        |       |       |    33 |   249 |   217 ||   499
Dodge: Dodged            |    34 |    39 |    67 |   256 |   161 ||   557
Block: Kite shield       |       |       |       |   212 |   322 ||   534
       Reflection        |       |       |       |       |     4 ||     4
       Other             |       |       |       |       |     8 ||     8
